 Dungeon Crawl Stone Soup version 0.23.2-40-g277498a001 (webtiles) character file.

Game seed: 15876570466102060746

130 Ivernyr the Digger (level 4, 36/36 HPs)
             Began as a Deep Dwarf Earth Elementalist on Oct 4, 2019.
             Quit the game on level 3 of the Dungeon.
             The game lasted 00:11:38 (1697 turns).

Ivernyr the Digger (Deep Dwarf Earth Elementalist)  Turns: 1697, Time: 00:11:39

Health: 36/36      AC:  2    Str: 12    XL:     4   Next: 89%
Magic:  5/5        EV: 13    Int: 16    God:
Gold:   66         SH:  0    Dex: 13    Spells: 2/8 levels left

rFire    . . .     SeeInvis .   f - +1 whip (elec)
rCold    . . .     Gourm    .   (no shield)
rNeg     . . .     Faith    .   c - +0 robe
rPois    .         Spirit   .   (no helmet)
rElec    .         Reflect  .   (no cloak)
rCorr    .         Harm     .   (no gloves)
MR       .....                  (no boots)
Stlth    ++........             (no amulet)
HPRegen  0.00/turn              (no ring)
MPRegen  0.09/turn              (no ring)

@: non-regenerating
A: damage resistance, heal wounds, sense surroundings 1, no regeneration
a: Heal Wounds


You were on level 3 of the Dungeon.
You were not hungry.

You visited 1 branch of the dungeon, and saw 3 of its levels.

You collected 66 gold pieces.

Inventory:

Hand Weapons
 f - a +1 whip of electrocution (weapon)
Missiles
 b - 118 stones (quivered)
Armour
 c - a +0 robe (worn)
 h - a +0 large shield
Scrolls
 g - a scroll of remove curse
 i - a scroll of identify
 j - 2 scrolls of teleportation
 m - 3 scrolls of blinking
Potions
 a - a potion of brilliance {unknown}
 e - a potion of invisibility {unknown}
 l - a potion of resistance {unknown}
 n - a potion of degeneration {unknown}
 o - a potion of curing {unknown}
Comestibles
 d - 6 rations
 k - 5 chunks of flesh


   Skills:
 - Level 3.0 Dodging
 - Level 2.4 Stealth
 + Level 1.2 Shields
 + Level 2.5 Spellcasting
 - Level 0.8 Transmutations
 * Level 6.0 Earth Magic


You had 2 spell levels left.
You knew the following spells:

 Your Spells              Type           Power        Failure   Level  Hunger
a - Sandblast             Erth           ###...       1%          1    #......
b - Passwall              Tmut/Erth      ##......     7%          2    ##.....
c - Stone Arrow           Conj/Erth      ##....       17%         3    ###....

Your spell library contained the following spells:

 Spells                   Type           Power        Failure   Level  Hunger
 Lee's Rapid Deconstruct  Erth           ###.......   41%         5    ######.
 Petrify                  Tmut/Erth      ##......     43%         4    #####..


Dungeon Overview and Level Annotations

Branches:
Dungeon (3/15)

Altars:
Gozag
Okawaru
Ru
Wu Jian
Zin


Innate Abilities, Weirdness & Mutations

You are resistant to damage.
You can heal yourself by infusing magical energy.
You passively map a small area around you.
You do not regenerate.


Message History

Casting: Stone Arrow (safe; 17% risk of failure)
Confirm with . or Enter, or press ? or * to list all spells.
Aiming: Stone Arrow (safe; 17% risk of failure)
Press: ? - help, Shift-Dir - straight line, f - worm
Aim: a worm (resting)
The stone arrow hits the worm!
The worm is heavily wounded.
Casting: Stone Arrow (safe; 17% risk of failure)
Confirm with . or Enter, or press ? or * to list all spells.
Aiming: Stone Arrow (safe; 17% risk of failure)
Press: ? - help, Shift-Dir - straight line, f/p - worm
Aim: a worm (heavily wounded)
The stone arrow hits the worm!
You kill the worm!
You start resting.
Magic restored.
You fail to use your ability.
Your magical essence is drained by the effort!
You feel much better.
Are you sure you want to abandon this character and quit the game? (Confirm with "yes".)

, , * * * ###* .##
##### #..
......<#...##
###.# ..# #.#....
, ....####..#
#.#..†* * *
###.##....# #.##.#
###.##.##.# #.##@#
......<...# #.##.#
..........# #.##.#
###.......###.##.#
#..............#
#...........####
#......######**
#........ ,
#.########*


There were no monsters in sight!

Vanquished Creatures
  An orc priest (D:3)
  An orc wizard (D:3)
  An adder (D:2)
  An ooze (D:3)
  2 dart slugs (D:2)
  3 worms
  A leopard gecko (D:1)
  5 orcs (D:3)
  2 giant cockroaches
  5 goblins
  6 hobgoblins (D:1)
  3 jackals (D:1)
  4 kobolds
  2 bats (D:1)
  3 frilled lizards (D:1)
  7 rats
47 creatures vanquished.

Notes
Turn   | Place    | Note
-------+----------+-------------------------------------------
     0 | D:1      | Ivernyr the Deep Dwarf Earth Elementalist began the quest
                  | for the Orb.
     0 | D:1      | Reached XP level 1. HP: 15/15 MP: 3/3
   123 | D:1      | Reached XP level 2. HP: 19/22 MP: 2/4
   489 | D:1      | Learned a level 2 spell: Passwall
   597 | D:1      | Reached XP level 3. HP: 17/28 MP: 4/6
   811 | D:2      | Reached skill level 5 in Earth Magic
   865 | D:2      | Found an ornate altar of the Wu Jian Council.
   866 | D:2      | Found a glowing silver altar of Zin.
  1055 | D:2      | Found an opulent altar of Gozag.
  1057 | D:2      | Found a sacrificial altar of Ru.
  1228 | D:2      | Learned a level 3 spell: Stone Arrow
  1252 | D:3      | Found an iron altar of Okawaru.
  1457 | D:3      | Reached XP level 4. HP: 32/36 MP: 3/6
  1468 | D:3      | Reached skill level 1 in Shields
  1552 | D:3      | Reached skill level 6 in Earth Magic
  1697 | D:3      | Quit the game

Skill      XL: |  1  2  3  4 |
---------------+-------------+-----
Spellcasting   | 2 |  2.5
Earth Magic    | 5 6 |  6.0
Dodging        | 3 |  3.0
Shields        | 1 |  1.2
Stealth        | |  2.4
Transmutations | |  0.8

Action                   |  1- 3 |  4- 6 || total
-------------------------+-------+-------++-------
Melee: Unarmed           |    12 |       ||    12
       Mace              |    62 |       ||    62
       Whip              |    19 |    24 ||    43
       Spear             |     9 |       ||     9
 Cast: Sandblast         |    25 |       ||    25
       Stone Arrow       |     4 |     5 ||     9
 Abil: Heal Wounds       |     2 |     1 ||     3
  Use: Scroll            |     5 |       ||     5
  Eat: Chunk             |     1 |     3 ||     4
Armor: Robe              |    21 |     2 ||    23
Dodge: Dodged            |    97 |    12 ||   109
